[Event "Dutch Meesterklasse 2024-25"]
[Site "Netherlands"]
[Date "2024.09.22"]
[Round "1.6"]
[White "Hommerson, Paul"]
[Black "Godzwon, Iwo"]
[Result "1/2-1/2"]
[ECO "E11"]
[WhiteElo "2289"]
[BlackElo "2404"]
[Annotator "TA"]
[PlyCount "88"]
[EventDate "2024.09.21"]
[EventType "team-tourn"]
[EventCountry "NED"]
[SourceTitle "playchess.com"]
[Source "ChessBase"]
[SourceQuality "1"]
[TimeControl "40/5400+30:1800+30"]

1. d4 Nf6 2. c4 e6 3. Nf3 Bb4+ 4. Bd2 c5 5. Bxb4 cxb4 6. g3 O-O 7. Bg2 d6 8. O-O a5 9. a3 Na6 10. axb4 axb4 11. Nbd2 Bd7 12. e4 {[%emt 0:02:09] White is better.} Bc6 13. Re1 Re8 14. d5 exd5 15. cxd5 Bb5 16. Nd4 Bd3 17. Nf5 {[%emt 0:17:29] [#] Hoping for Qf3.} g6 $1 18. Re3 (18. Nh6+ {seems wilder.} Kg7 19. Nf3 Bxe4 20. Nxf7 Qb6 21. N7g5) 18... gxf5 19. Rxd3 fxe4 20. Re3 Nc5 (20... Nxd5 $2 {loses.} 21. Rxe4 Rxe4 22. Bxe4 $18 (22. Nxe4 Nac7 $18)) 21. Rxa8 Qxa8 22. Nc4 Qd8 23. Re2 Ng4 24. Qd4 f5 25. f3 exf3 26. Bxf3 Rxe2 27. Bxe2 Nf6 28. Ne3 Qe7 29. Nxf5 Qe5 30. Qxe5 dxe5 $11 {[%emt 0:00:02][%mdl 4096] Endgame. KBN-KNN} 31. d6 Kf7 32. Bc4+ Ke8 33. Bb5+ Kf7 34. Bc4+ Ke8 35. Bb5+ Kf7 $1 36. g4 Ke6 $2 (36... e4 $11 {and Black is okay.}) 37. Bc4+ $18 Kd7 38. Bb5+ $2 (38. g5 $18 Nfe4 39. h4) 38... Ke6 $11 39. Bc4+ $2 (39. h3 $11 e4 40. Kf2) 39... Kd7 $1 $18 40. h3 ({Only move:} 40. g5 $18 Nfe4 41. h4) 40... Nce4 (40... Nfe4 $11) 41. Bb5+ (41. Kg2 $16) 41... Ke6 $11 42. Bc4+ ({White should play} 42. Bd3 $11) 42... Kd7 $16 {[%emt 0:00:02] [#]} 43. Bb5+ ({Better is} 43. Kg2 $1 $16) 43... Ke6 $11 44. Bc4+ (44. h4 $11 Nxd6 45. Nxd6 Kxd6 46. g5) 44... Kd7 {[%emt 0:00:03] Weighted Error Value: White=0.24 (precise) /Black=0.13 (very precise) .  Loses game:     	---       	Black=1      Missed win:     	White=2     	---        Mistake:       	White=5     	Black=1      Inaccurate:     	White=2     	Black=1      OK:         	White=10    	Black=11     Best:        	White=3     	Black=6      Strong:       	---       	Black=3} 1/2-1/2

[Event "Dutch Meesterklasse 2024-25"]
[Site "Netherlands"]
[Date "2024.09.22"]
[Round "1.7"]
[White "Karsay, Pascal"]
[Black "Ootes, Lars"]
[Result "1-0"]
[ECO "B08"]
[WhiteElo "2365"]
[BlackElo "2383"]
[Annotator "TA"]
[PlyCount "131"]
[EventDate "2024.09.21"]
[EventType "team-tourn"]
[EventCountry "NED"]
[SourceTitle "playchess.com"]
[Source "ChessBase"]
[SourceQuality "1"]
[TimeControl "40/5400+30:1800+30"]

1. Nf3 d6 2. d4 g6 3. e4 Nf6 4. Nc3 Bg7 5. Be2 O-O 6. O-O Nc6 7. d5 Ne5 8. Nxe5 dxe5 9. Be3 {[%emt 0:02:57] B08: Pirc Defence: Classical System.} a6 10. a4 e6 11. Qd2 Qe7 $146 ({Predecessor:} 11... exd5 12. exd5 Bf5 13. Rad1 Re8 14. h3 h5 15. Rfe1 Qd6 16. Bc4 Nd7 17. Ne2 h4 {0-1 Szabo,Z (2429)-Burnett,R (2437) Budapest FS02 GM 2000 (2)}) 12. a5 Rd8 13. Rfd1 Bd7 14. Bg5 Qf8 15. Bc4 h6 16. Bh4 g5 17. Bg3 Ne8 18. Bb3 exd5 19. Nxd5 Qc5 20. Qe2 Be6 21. Rd3 Bxd5 22. Bxd5 c6 23. Bb3 Nc7 ({Better is} 23... Rxd3 $14 24. Qxd3 Nf6) 24. h4 (24. Qh5 {with more complications.} Ne6 25. Rf3 Qxa5 26. Rf1) 24... Qe7 25. hxg5 (25. Rad1 $16) 25... hxg5 26. Rad1 Bf6 27. Qg4 Rxd3 28. Rxd3 Rd8 29. Qf5 (29. Rf3 $16 {aiming for Rf5.} Nb5 30. Qh5) 29... Rxd3 $11 30. cxd3 Nb5 $1 31. Qg6+ Kf8 32. Qh5 Kg7 33. Kh2 Nd4 34. Bc4 Ne6 35. Qg4 Nd8 36. Qf5 Qc5 {[%emt 0:00:54] [#]} (36... Qd6 $11) 37. b4 (37. f4 $1 $16 gxf4 38. Bxf4) 37... Qd6 38. f3 Qe7 $2 {[%emt 0:00:40] [#]} (38... Qd4 $11 {and Black stays safe.}) 39. d4 $1 $18 Kf8 (39... exd4 $2 40. e5 Bxe5 41. Bxe5+ Kf8 42. Bxd4 Qd6+ 43. Be5 Qh6+ 44. Qh3 Qxh3+ 45. Kxh3 $18) (39... Qxb4 $142 40. Bxe5 (40. dxe5 Be7 $11) 40... Bxe5+ 41. Qxe5+ Kg6 42. Qf5+ Kg7 43. Qxg5+ Kh7) 40. Bxe5 Bxe5+ 41. Qxe5 Qxe5+ $2 (41... Qxb4 42. Qc5+ (42. Qxg5 Qd6+ 43. Qe5 Qxe5+ 44. dxe5 c5 $11) 42... Qxc5 43. dxc5 Ke7) 42. dxe5 $18 c5 (42... Ke7 $142 43. Kg3 c5) 43. bxc5 $18 Nc6 44. Bd5 Nxa5 45. Kg3 Ke7 46. Kf2 Kd7 47. g3 Nc6 48. f4 (48. Bxf7 Nxe5 49. Bd5 Nd3+ 50. Ke3 Nxc5 $18) 48... gxf4 49. gxf4 (49. Bxf7 fxg3+ (49... Nxe5 50. Bd5 $11) 50. Kxg3 Nxe5 $15) 49... a5 50. Ke3 a4 51. Kd3 Nb4+ 52. Kc4 Na6 53. Bxf7 ({Weaker is} 53. Bxb7 a3 54. Kc3 (54. Bxa6 $2 a2 $19) 54... Nxc5 $11) 53... a3 54. Kb5 Nc7+ 55. Kb4 Na6+ 56. Kxa3 Nxc5 57. Bd5 Nd3 58. e6+ ({Worse is} 58. Bxb7 Nxf4 59. Bd5 Ng6 $11) 58... Ke7 59. f5 ({Stronger than} 59. Bxb7 Nxf4 60. Kb3 Kxe6 $11) 59... b6 60. Ka4 Ne5 61. Kb5 Ng4 62. Kxb6 Kd6 63. Kb5 Nf6 64. Kc4 Ke5 65. Kc5 Ng8 66. Kc6 1-0

[Event "Dutch Meesterklasse 2024-25"]
[Site "Netherlands"]
[Date "2024.09.22"]
[Round "1.7"]
[White "Willemze, Thomas"]
[Black "Van de Oudeweetering, Arthur"]
[Result "1-0"]
[ECO "C49"]
[WhiteElo "2318"]
[BlackElo "2253"]
[Annotator "RC"]
[PlyCount "87"]
[EventDate "2024.09.21"]
[EventType "team-tourn"]
[EventCountry "NED"]
[SourceTitle "playchess.com"]
[Source "ChessBase"]
[SourceQuality "1"]
[TimeControl "40/5400+30:1800+30"]

1. e4 e5 2. Nf3 Nc6 3. Nc3 Nf6 4. Bb5 Bb4 5. O-O O-O 6. Bxc6 dxc6 7. d3 Bxc3 8. bxc3 Bg4 9. h3 Bxf3 10. Qxf3 Qd6 11. a4 a5 12. Qe3 c5 13. f4 exf4 14. Qxf4 Qxf4 15. Bxf4 Rac8 16. c4 Rfe8 17. Bd2 b6 18. g4 Nd7 19. Rf2 Ne5 20. Raf1 Re7 21. Kg2 Nc6 22. g5 Nd4 23. Be3 Rd8 24. h4 Rdd7 25. h5 Re6 26. Kg3 h6 27. gxh6 gxh6 28. Rg1 Kf8 29. Kg2 Ke7 30. Kf1 Rf6 31. Rxf6 Kxf6 32. Bxh6 Ne6 33. Rg8 Ke5 34. Ke2 f6 35. Bc1 f5 36. Bb2+ Kf4 37. Rg6 Nd4+ 38. Bxd4 cxd4 39. Rf6 Kg4 40. Rxf5 Rh7 41. c5 Rxh5 42. Rxh5 Kxh5 43. cxb6 cxb6 44. Kd2 1-0

[Event "Dutch Meesterklasse 2024-25"]
[Site "Netherlands"]
[Date "2024.09.22"]
[Round "1.8"]
[White "Ondersteijn, Niels"]
[Black "Elgersma, Onno"]
[Result "1-0"]
[ECO "A34"]
[WhiteElo "2347"]
[BlackElo "2320"]
[Annotator "RC"]
[PlyCount "103"]
[EventDate "2024.09.21"]
[EventType "team-tourn"]
[EventCountry "NED"]
[SourceTitle "playchess.com"]
[Source "ChessBase"]
[SourceQuality "1"]
[TimeControl "40/5400+30:1800+30"]

1. c4 Nf6 2. g3 c5 3. Bg2 d5 4. cxd5 Nxd5 5. Nc3 Nc7 6. Nf3 Nc6 7. a3 g6 8. O-O Bg7 9. d3 O-O 10. Be3 Ne6 11. Rc1 Bd7 12. Nd2 Rc8 13. Nde4 b6 14. Ng5 Ncd4 15. Nxe6 Bxe6 16. Bxd4 Qxd4 17. Bb7 Rb8 18. Bc6 Rfc8 19. Bb5 h5 20. Qa4 Qxa4 21. Nxa4 h4 22. Nc3 Rd8 23. Rfd1 Rbc8 24. Kf1 Bf6 25. Bc4 Bh3+ 26. Ke1 Kg7 27. a4 Bd7 28. Bb5 Bf5 29. Ra1 Rd4 30. Bc4 a5 31. Ra3 hxg3 32. hxg3 Rh8 33. Nd5 Rh1+ 34. Kd2 Rh2 35. Rb3 Rxf2 36. Nxf6 Kxf6 37. Rxb6+ e6 38. Ra6 Rg4 39. Rg1 Rg5 40. Rxa5 Bg4 41. d4 Rh5 42. Rxc5 Rhh2 43. Re5 Rh8 44. a5 Rb8 45. b3 Ke7 46. a6 Ra8 47. b4 Kd6 48. b5 Rh2 49. b6 f6 50. b7 Rb8 51. Rb5 Bf3 52. a7 1-0

[Event "Dutch Meesterklasse 2024-25"]
[Site "Netherlands"]
[Date "2024.09.22"]
[Round "1.8"]
[White "Van Beek, Lucien"]
[Black "De Jong, Jan-Willem"]
[Result "1/2-1/2"]
[ECO "D12"]
[WhiteElo "2341"]
[BlackElo "2413"]
[Annotator "TA"]
[PlyCount "85"]
[EventDate "2024.09.21"]
[EventType "team-tourn"]
[EventCountry "NED"]
[SourceTitle "playchess.com"]
[Source "ChessBase"]
[SourceQuality "1"]
[TimeControl "40/5400+30:1800+30"]

1. d4 d5 2. c4 c6 3. Nc3 Nf6 4. e3 Bf5 5. Nf3 e6 6. Nh4 Bg6 7. Nxg6 hxg6 8. Qc2 Nbd7 9. Be2 Be7 10. Bd2 a6 11. e4 (11. c5 $142) 11... dxc4 $11 12. Bxc4 Nb6 13. Qd3 Nxc4 (13... c5 $17 14. Bxe6 fxe6) 14. Qxc4 $15 O-O 15. e5 Nd5 16. h4 Nb4 {[%emt 0:00:00][%cal Ob7b5] [#] And now ...b5! would win.} (16... Bxh4 17. Ne4 $14) 17. O-O-O b5 $36 {[%emt 0:00:00][%mdl 2048] White is under pressure.} 18. Qe2 Qxd4 {[%emt 0:00:00][%cal Od4d3] Threatens to win with ...Qd3!} 19. Bg5 Bxg5+ 20. hxg5 Qf4+ 21. Qd2 (21. Kb1 $15) 21... Nd3+ $17 ({Much worse is} 21... Qxe5 $6 22. Rh4 Nd5 23. Re1 $11) 22. Kb1 Qxd2 23. Rxd2 Nxe5 24. Ne4 Rfd8 25. Nd6 f6 26. f4 Nf7 27. Rhd1 fxg5 28. fxg5 Nxg5 29. Re1 Ra7 30. Re5 Nf7 (30... Rad7 $19 {aiming for ...Nh7.} 31. Rxg5 Kh7 (31... Rxd6 $2 32. Re2 $19)) 31. Rxe6 Rad7 32. Nxf7 Kxf7 33. Rxd7+ Rxd7 (33... Kxe6 $2 {too greedy.} 34. Rxd8 g5 35. Ra8 $18) 34. Rxc6 $15 {[%emt 0:00:04][%mdl 4096] Endgame. KR-KR} Rd2 ({Black should try} 34... Rd1+ $17 35. Kc2 Rg1 36. Rxa6 Rxg2+ 37. Kc3 g5) 35. Rxa6 $11 Rxg2 36. Ra5 (36. Ra7+ $11 Kg8 37. Ra5) 36... Rg5 (36... b4 $1 $15) 37. a4 Rg1+ 38. Kc2 bxa4 39. Rxa4 g5 40. b4 Kg6 ({Black should play} 40... g4 $15) 41. b5 {[%emt 0:30:35] The position is equal.} Rf1 42. b6 Rf8 43. Kd3 {[%emt 0:00:00] Whites escaped into a draw.   Weighted Error Value: White=0.22 (precise) /Black=0.18 (very precise) .  Mistake:       	White=3     	Black=5      Inaccurate:     	White=5     	Black=1      OK:         	White=13    	Black=15     Best:        	White=2     	Black=2} 1/2-1/2

[Event "Dutch Meesterklasse 2024-25"]
[Site "Netherlands"]
[Date "2024.09.22"]
[Round "1.9"]
[White "Van Haastert, Edwin"]
[Black "Albers, Sasa"]
[Result "1-0"]
[ECO "B12"]
[WhiteElo "2412"]
[BlackElo "2264"]
[Annotator "TA"]
[PlyCount "69"]
[EventDate "2024.09.21"]
[EventType "team-tourn"]
[EventCountry "NED"]
[SourceTitle "playchess.com"]
[Source "ChessBase"]
[SourceQuality "1"]
[TimeControl "40/5400+30:1800+30"]

1. e4 c6 2. d4 d5 3. e5 c5 4. Nf3 cxd4 5. Qxd4 Nc6 6. Qf4 e6 7. Bd3 Nb4 8. Nc3 {[%emt 0:00:06] The position is equal.} Nxd3+ 9. cxd3 Bd7 10. Bd2 Ne7 11. h4 $40 {[%emt 0:01:03][%mdl 128] White attacks.} (11. Ng5 $5 Nf5 $8 12. g4 $11) 11... h5 12. Ne2 (12. Ng5 $5 Nf5 $8 13. O-O $11) 12... Nf5 13. Ng3 Nxg3 14. Qxg3 Qb6 15. O-O $1 Rc8 16. Bc3 Rh6 (16... Qa6 $11) 17. Qf4 {[%emt 0:04:36] Threatens to win with Ng5.} Be7 18. Bd4 Qa6 19. Ng5 Bxg5 20. hxg5 (20. Qxg5 $6 Qxd3 21. Be3 (21. Bxa7 Rg6 $15) 21... Qh7 $11) 20... Rh8 21. Qe3 b6 {[%emt 0:03:51][%cal Bb7b6,Bb6a5][%mdl 32] [#]} 22. a4 $1 Rc7 {[%emt 0:03:07] [#]} (22... Kf8 $16 23. b4 Bxa4) (22... Qb7 23. b4) 23. a5 $1 $18 bxa5 24. Rfc1 {[%emt 0:01:47] Black is weak on the dark squares} Rb7 (24... Rxc1+ $142 25. Qxc1 (25. Rxc1 Qb7 $18) 25... h4) 25. Bc5 h4 26. Ra3 h3 27. Bd6 (27. gxh3 d4 28. Bxd4 (28. Qxd4 Rxh3 29. Qg4 Rh8 $11) 28... Rh4 $18) (27. d4 $142) 27... hxg2 {[%emt 0:01:42] [#] ...d4 would now be deadly.} 28. Kxg2 $2 ({White must play} 28. d4 $1 $18 Rb6 29. Kxg2 Rxd6 30. exd6 Qxd6 31. Qg3 (31. Rxa5 $2 Qh2+ 32. Kf1 Rh3 $19) 31... Qxg3+ 32. Kxg3) 28... Rh5 $2 {[%emt 0:06:47] [#]} (28... Qb6 $1 $14) 29. Rac3 $2 (29. d4 $1 $18) 29... f6 $2 (29... Rxb2 $2 {perishes.} 30. Qf4 Qb6 (30... d4 $2 31. Rc7 $18) 31. Rc8+ Bxc8 32. Rxc8+ Kd7 33. Rc5 $18 (33. Qxf7+ $2 Kxc8 34. Qxe6+ Kb7 $19)) (29... d4 30. Qxd4 Rxb2 (30... Rxg5+ 31. Kf1 $16) 31. Qf4 Qb7+ 32. Kg3) (29... Qb6 $11) 30. gxf6 gxf6 31. Qf3 {[%emt 0:00:00] White mates.} Rg5+ 32. Kf1 Rxb2 33. Qh3 ({Not} 33. Qxf6 Rxf2+ 34. Kxf2 (34. Qxf2 Rf5 $11) 34... Rf5+ $14) 33... fxe5 {[%emt 0:02:43] [#]} 34. Qh7 $1 Qxd6 {[%emt 0:03:38] [#]} 35. Rc8+ $1 {[%emt 0:00:00][%mdl 33280] Weighted Error Value: White=0.27 (precise) /Black=0.25 (precise) .  Loses game:     	---       	Black=2      Missed win:     	White=2     	---        Mistake:       	White=1     	Black=3      Inaccurate:     	White=2     	Black=3      OK:         	White=8     	Black=8      Best:        	White=2     	Black=1      Strong:       	White=1     	---       . Loss on time!?} 1-0

[Event "Dutch Meesterklasse 2024-25"]
[Site "Netherlands"]
[Date "2024.09.22"]
[Round "1.9"]
[White "Pham, Khoi"]
[Black "Van de Griendt, Jan Willem"]
[Result "0-1"]
[ECO "D35"]
[WhiteElo "2309"]
[BlackElo "2365"]
[Annotator "RC"]
[PlyCount "138"]
[EventDate "2024.09.21"]
[EventType "team-tourn"]
[EventCountry "NED"]
[SourceTitle "playchess.com"]
[Source "ChessBase"]
[SourceQuality "1"]
[TimeControl "40/5400+30:1800+30"]

1. d4 Nf6 2. c4 e6 3. Nc3 d5 4. cxd5 exd5 5. Bg5 Be7 6. e3 h6 7. Bh4 Bg4 8. Qc2 O-O 9. h3 Be6 10. Bd3 c5 11. Nf3 Nc6 12. a3 Re8 13. O-O cxd4 14. exd4 Ne4 15. Bxe7 Rxe7 16. Rfe1 f5 17. Rac1 Rc8 18. Qa4 Qb6 19. Qb5 Qxb5 20. Bxb5 Rec7 21. Ne2 Na5 22. Rxc7 Rxc7 23. Nf4 Bf7 24. Ne5 Nf6 25. Nxf7 Kxf7 26. Re5 Rc1+ 27. Kh2 Nc6 28. Bxc6 bxc6 29. Nd3 Rc4 30. Re2 Nd7 31. Nb4 a5 32. Nc2 f4 33. Rd2 Nf6 34. f3 Nh5 35. Kg1 Ng3 36. Kf2 g5 37. Ke1 Ke6 38. Kd1 Kd6 39. Rd3 a4 40. Kd2 Nf1+ 41. Kd1 c5 42. dxc5+ Kxc5 43. b3 axb3 44. Rxb3 d4 45. Ne1 Ra4 46. Ke2 Kc4 47. Rb8 Ng3+ 48. Kd2 Rxa3 49. Rc8+ Kd5 50. Nc2 Ra4 51. Rd8+ Ke5 52. Re8+ Kf6 53. Kd3 Nf5 54. Rb8 Ra2 55. Rb6+ Kg7 56. Nxd4 Nxd4 57. Kxd4 Rxg2 58. Ke4 Rh2 59. Kf5 Rxh3 60. Rb7+ Kf8 61. Rh7 Rxf3 62. Rxh6 Rg3 63. Ra6 Ke7 64. Re6+ Kd7 65. Re1 f3 66. Rd1+ Ke7 67. Re1+ Kf7 68. Ra1 f2 69. Rf1 Rg2 0-1

[Event "Dutch Meesterklasse 2024-25"]
[Site "Netherlands"]
[Date "2024.09.22"]
[Round "1.10"]
[White "Kokje, Joris"]
[Black "Schoorl, Rob"]
[Result "1-0"]
[ECO "A65"]
[WhiteElo "2291"]
[BlackElo "2340"]
[Annotator "RC"]
[PlyCount "81"]
[EventDate "2024.09.21"]
[EventType "team-tourn"]
[EventCountry "NED"]
[SourceTitle "playchess.com"]
[Source "ChessBase"]
[SourceQuality "1"]
[TimeControl "40/5400+30:1800+30"]

1. d4 Nf6 2. c4 c5 3. d5 g6 4. Nc3 Bg7 5. e4 d6 6. Nge2 O-O 7. Ng3 e6 8. Be2 exd5 9. cxd5 h5 10. Bg5 a6 11. a4 Nbd7 12. O-O Qc7 13. Qd2 Rb8 14. Ra3 c4 15. Bh6 h4 16. Bxg7 Kxg7 17. Nb5 Qd8 18. Nf5+ gxf5 19. Qg5+ Kh8 20. Nxd6 Ne5 21. f4 Qxd6 22. Qxh4+ Nh7 23. fxe5 Qxe5 24. Rh3 Qg7 25. Qf4 Rg8 26. Rf2 Bd7 27. e5 Rbe8 28. Re3 b5 29. Qd4 Bc8 30. Bf1 Ng5 31. Rf4 Qg6 32. Rg3 Rg7 33. Qe3 Qh5 34. Be2 Qh6 35. Qd4 Kg8 36. Rh4 Qg6 37. Rh5 f4 38. Rgxg5 Qb1+ 39. Bf1 f3 40. Rxg7+ Kxg7 41. Rg5+ 1-0

[Event "Dutch Meesterklasse 2024-25"]
[Site "Netherlands"]
[Date "2024.09.22"]
[Round "1.10"]
[White "Rijnaarts, Sjef"]
[Black "Roobol, Martin"]
[Result "1-0"]
[ECO "C95"]
[WhiteElo "2263"]
[BlackElo "2254"]
[Annotator "RC"]
[PlyCount "93"]
[EventDate "2024.09.21"]
[EventType "team-tourn"]
[EventCountry "NED"]
[SourceTitle "playchess.com"]
[Source "ChessBase"]
[SourceQuality "1"]
[TimeControl "40/5400+30:1800+30"]

1. e4 e5 2. Nf3 Nc6 3. Bb5 a6 4. Ba4 Nf6 5. O-O Be7 6. Re1 b5 7. Bb3 d6 8. c3 O-O 9. h3 Nb8 10. d4 Nbd7 11. Nbd2 Bb7 12. Bc2 Re8 13. Nf1 Bf8 14. Ng3 g6 15. a4 c5 16. d5 c4 17. Bg5 h6 18. Be3 Nc5 19. Qd2 Kh7 20. Ra3 Qc7 21. Nh2 bxa4 22. Qe2 a5 23. Qxc4 Ba6 24. Qa2 Nfd7 25. Bxa4 Nxa4 26. Rxa4 Bb5 27. Ra3 a4 28. Nf3 Nc5 29. Nd2 Rab8 30. c4 Bd7 31. Rc1 Rb4 32. b3 axb3 33. Nxb3 Nxb3 34. Rxb3 Rxc4 35. Rcb1 Rc2 36. Qa1 Bc8 37. Ra3 Kg8 38. Ra7 Qc4 39. Rb6 h5 40. Qd1 Rc3 41. Nxh5 Be7 42. Qf3 gxh5 43. Rc6 Qd3 44. Rxc3 Qxc3 45. Rxe7 Rxe7 46. Qf6 Kf8 47. Qh8# 1-0

[Event "Dutch Meesterklasse 2024-25"]
[Site "Netherlands"]
[Date "2024.10.12"]
[Round "2.1"]
[White "Warmerdam, Max"]
[Black "Ernst, Sipke"]
[Result "1/2-1/2"]
[ECO "A13"]
[WhiteElo "2653"]
[BlackElo "2512"]
[Annotator "TA"]
[PlyCount "83"]
[EventDate "2024.09.21"]
[EventType "team-tourn"]
[EventCountry "NED"]
[SourceTitle "playchess.com"]
[Source "ChessBase"]
[SourceQuality "1"]
[TimeControl "40/5400+30:1800+30"]

1. c4 e6 2. g3 g6 3. Bg2 Bg7 4. Nf3 d5 5. Qc2 d4 6. d3 Ne7 7. b4 c5 8. b5 (8. bxc5 $14 Na6 9. O-O) 8... Nd7 9. a4 a5 10. Bb2 Nf5 11. Nbd2 h5 12. h3 Rb8 13. Ne4 Qc7 {[%emt 0:09:57] Inhibits e3.} 14. O-O-O b6 15. Kb1 Bb7 16. Nfg5 Kf8 17. Rhg1 Re8 18. Nd2 Bxg2 19. Rxg2 Nd6 20. Ngf3 (20. e3 $142) 20... Nf5 21. Re1 Kg8 22. Rgg1 Rd8 23. Rh1 Nf8 24. g4 Nd6 25. e3 hxg4 26. hxg4 {[%emt 0:00:05] Black must now prevent Rxh8+.} Rxh1 27. Rxh1 e5 28. Qc1 Ne6 29. e4 Qe7 30. Qg1 Nf4 31. Kc2 Qe6 32. g5 Kf8 33. Rh4 Kg8 34. Ne1 Rf8 35. Rh1 f5 {[%emt 0:00:21] [#] Strongly threatening ...fxe4.} 36. gxf6 Rxf6 37. Qg3 Nh5 38. Qg2 Nf4 39. Qg3 Nh5 40. Qg2 Nf4 41. Nef3 $2 {[%emt 0:18:51][%mdl 8192] [#]} Rf8 $2 ({Better is} 41... Nxg2 $19 42. Kb3 Nf7 (42... Nf4 $2 43. Ne1 $19)) 42. Qg1 $2 {[%emt 0:00:13] Weighted Error Value: White=0.26 (precise) /Black=0.21 (precise) .  Loses game:     	White=1     	---        Missed win:     	---       	Black=1      Mistake:       	White=3     	---        Inaccurate:     	White=4     	Black=6      OK:         	White=15    	Black=13     Best:        	White=1     	---} (42. Qf1 $1 $14 {was the only good move.}) 1/2-1/2

[Event "Dutch Meesterklasse 2024-25"]
[Site "Netherlands"]
[Date "2024.10.12"]
[Round "2.1"]
[White "De Winter, Arthur"]
[Black "Van Dael, Siem"]
[Result "1-0"]
[ECO "C72"]
[WhiteElo "2435"]
[BlackElo "2279"]
[Annotator "RC"]
[PlyCount "97"]
[EventDate "2024.09.21"]
[EventType "team-tourn"]
[EventCountry "NED"]
[SourceTitle "playchess.com"]
[Source "ChessBase"]
[SourceQuality "1"]
[TimeControl "40/5400+30:1800+30"]

1. e4 e5 2. Nf3 Nc6 3. Bb5 a6 4. Ba4 d6 5. O-O Bg4 6. h3 h5 7. Bxc6+ bxc6 8. d4 Qf6 9. dxe5 dxe5 10. hxg4 hxg4 11. Bg5 Qe6 12. Nh2 g3 13. Ng4 Bc5 14. Qf3 Qg6 15. Qxg3 Qxg5 16. Qxe5+ Qxe5 17. Nxe5 Rd8 18. Nc3 Rd6 19. Rfd1 Rf6 20. Nd3 Bd4 21. Ne2 Bb6 22. c4 Rfh6 23. g3 Rh5 24. Rac1 a5 25. c5 Ba7 26. Kg2 Nf6 27. Kf3 Nd7 28. Nd4 R8h6 29. Nf5 Rh7 30. g4 Rh2 31. a3 R7h3+ 32. Ke2 Nf6 33. Rc4 Nxg4 34. Rg1 Rxd3 35. Rxg4 Rb3 36. Rc2 Rb5 37. Nxg7+ Kf8 38. b4 axb4 39. axb4 Rxb4 40. Nf5 f6 41. Ra2 Rb7 42. Nd4 Kf7 43. Nxc6 Bxc5 44. Nd8+ Ke7 45. Rg7+ Ke8 46. Nxb7 Rxf2+ 47. Kd3 Rxa2 48. Nxc5 Ra7 49. Kd4 1-0

[Event "Dutch Meesterklasse 2024-25"]
[Site "Netherlands"]
[Date "2024.10.12"]
[Round "2.2"]
[White "Braun, Christian"]
[Black "Strating, Sybolt"]
[Result "1/2-1/2"]
[ECO "B10"]
[WhiteElo "2395"]
[BlackElo "2308"]
[Annotator "TA"]
[PlyCount "59"]
[EventDate "2024.09.21"]
[EventType "team-tourn"]
[EventCountry "NED"]
[SourceTitle "playchess.com"]
[Source "ChessBase"]
[SourceQuality "1"]
[TimeControl "40/5400+30:1800+30"]

1. e4 c6 2. d3 d5 3. Nd2 g6 4. Ngf3 Bg7 5. g3 e5 6. Bg2 Ne7 7. O-O O-O 8. c3 a5 9. Re1 Nd7 10. h4 Re8 11. h5 Nf8 (11... gxh5 $15 12. Nh4 Nf6) 12. exd5 Nxd5 13. Nc4 Bg4 14. h6 (14. Ncxe5 $2 Bxe5 (14... gxh5 15. Nxg4 hxg4 16. Rxe8 $14) (14... Bxh5 15. g4 $16) 15. Qa4 Bxf3 (15... Bxh5 16. Rxe5 Bxf3 17. Rxe8 $14) 16. Bxf3 Qd6 $19) 14... Bf6 15. a4 (15. Ncxe5 Rxe5 16. Rxe5 Bxe5 $17) 15... Qc7 16. Qc2 Nd7 17. Ng5 Bxg5 18. Bxg5 f6 19. Bd2 N7b6 {[%emt 0:07:45] [#]} (19... f5 $14) 20. Qb3 ({White should play} 20. Nxa5 $1 $16 {Hoping for c4.} Be6 (20... Rxa5 $2 {loses.} 21. c4 $18) 21. c4) 20... Be6 21. Nxb6 Nxb6 (21... Qxb6 $11 22. Qa3 c5) 22. Qc2 (22. c4 $14) 22... Nd5 23. Re2 (23. b4 $142) 23... Rad8 24. Rae1 Qf7 25. Bc1 Ne7 26. Be3 Bb3 27. Qb1 Ba2 28. Qc2 {[%emt 0:00:00] [#] aiming for c4.} Bb3 29. Qb1 Ba2 30. Qc2 {[%emt 0:00:00] Weighted Error Value: White=0.17 (very precise) /Black=0.22 (precise) .  Mistake:       	White=3     	Black=3      Inaccurate:     	White=2     	Black=2      OK:         	White=11    	Black=5} 1/2-1/2

[Event "Dutch Meesterklasse 2024-25"]
[Site "Netherlands"]
[Date "2024.10.12"]
[Round "2.2"]
[White "Palchuk, Andrii"]
[Black "Beerdsen, Thomas"]
[Result "1/2-1/2"]
[ECO "D23"]
[WhiteElo "2370"]
[BlackElo "2505"]
[Annotator "TA"]
[PlyCount "61"]
[EventDate "2024.09.21"]
[EventType "team-tourn"]
[EventCountry "NED"]
[SourceTitle "playchess.com"]
[Source "ChessBase"]
[SourceQuality "1"]
[TimeControl "40/5400+30:1800+30"]

1. d4 d5 2. c4 c6 3. Nf3 Nf6 4. Qb3 dxc4 5. Qxc4 Bf5 6. g3 e6 7. Bg2 Be7 8. O-O O-O 9. e3 c5 10. Nc3 Nc6 11. Rd1 Qa5 12. dxc5 Qxc5 13. Qxc5 Bxc5 14. Bd2 Rfd8 15. Be1 a6 ({Better is} 15... h6 $11) 16. a3 ({White should play} 16. Nh4 $14) 16... h6 $11 {[%emt 0:03:07] The position is equal.} 17. b4 Be7 18. Rac1 Rac8 19. h3 Ne4 20. Nxe4 Bxe4 21. Nd2 Bxg2 22. Kxg2 Rd3 23. Nb1 Rcd8 24. Rxd3 Rxd3 25. Bc3 Bf6 26. Kf1 Bxc3 27. Nxc3 Rd2 28. Ne4 Rd3 29. Nc3 Rd2 30. Ne4 Rd3 31. Nc3 {[%emt 0:00:19] An uneventful encounter.   Weighted Error Value: White=0.04 (flawless) /Black=0.05 (flawless) .  Mistake:       	White=1     	Black=1      Inaccurate:     	White=1     	---        OK:         	White=9     	Black=14} 1/2-1/2